AoeStats
← Baudouin IV

Nomad

509089232Analyzed
2v2 RM · 6d ago on Sep 25, 2026· 52m 24s· 4 players
Game mode
Random Map
Map size
176×176
Population
200
Speed
Normal
Resources
Standard
Victory
Conquest
Starting age
Dark Age
Ending age
Imperial Age
RankedLock teamsTeams togetherTeam positionsShared explorationLock speedFull tech treeHidden civsTurbo modeCheats
Victory
Defeat
🇫🇷 Spanish · France
844
+14
🇫🇷 Khmer · France
800
+16
🇺🇸 Aztecs · United States
817
-15
🇩🇪 Teutons · Germany
802
-30
Manni Smurf
13:59 Feudal Age
15:32 Wheelbarrow
15:56 Horse Collar
17:05 Double-Bit Axe
23:59 Town Watch
30:03 Castle Age
28:58 Gold Mining
28:58 Stone Mining
31:14 Elite Skirmisher
37:02 Pikeman
40:44 Fishing Lines
41:25 Hand Cart
44:50 Bow Saw
46:33 Squires
51:38 Imperial Age
55:20 Imperial Age
kinchman
5:17 Loom
15:07 Feudal Age
17:02 Double-Bit Axe
24:02 Castle Age
22:22 Stone Mining
22:29 Fletching
22:40 Scale Mail Armor
23:54 Padded Archer Armor
24:59 Pikeman
25:39 Squires
28:45 Leather Archer Armor
31:11 Bodkin Arrow
34:14 Chain Mail Armor
34:44 Elite Skirmisher
37:31 Gambesons
38:49 Murder Holes
42:24 Imperial Age
45:36 Wheelbarrow
Baudouin IV
13:03 Loom
16:20 Feudal Age
17:29 Double-Bit Axe
17:27 Horse Collar
18:35 Stone Mining
18:37 Gold Mining
24:43 Castle Age
24:58 Fletching
27:03 Wheelbarrow
26:50 Heavy Plow
27:03 Bow Saw
26:55 Bodkin Arrow
31:45 Hand Cart
34:14 Stone Shaft Mining
37:11 Imperial Age
35:57 Padded Archer Armor
36:08 Forging
37:09 Murder Holes
37:35 Ballistics
37:39 Town Watch
39:35 Two-Man Saw
38:39 Bracer
38:54 Leather Archer Armor
39:36 Conscription
40:49 Ring Archer Armor
40:55 Iron Casting
41:24 Chemistry
41:23 Elite Conquistador
pi le pain
10:21 Loom
12:08 Feudal Age
13:49 Bloodlines
17:37 Double-Bit Axe
26:53 Castle Age
26:08 Horse Collar
30:34 Bow Saw
32:31 Husbandry
31:52 Light Cavalry
37:01 Forging
38:29 Iron Casting
38:10 Gold Mining
40:14 Scale Barding Armor
47:15 Chain Barding Armor
Connection lost

Rejoining the realm…

Still unreachable

The connection could not be restored.

Session expired

The server has moved on; the page needs a fresh start.